 Dungeon Crawl Stone Soup version 0.25.1-2-g60ff931df9 (webtiles) character file.

Game seed: 17190387833187372708

544 Delamore the Cudgeler (level 7, -15/41 HPs)
             Began as a Gargoyle Fighter on Aug 15, 2020.
             Blown up by a gnoll (27 damage)
             ... with a disintegration bolt
             ... on level 3 of the Dungeon.
             The game lasted 00:03:18 (3102 turns).

Delamore the Cudgeler (Gargoyle Fighter)            Turns: 3102, Time: 00:03:19

Health: -15/41     AC: 15    Str: 21    XL:     7   Next: 27%
Magic:  7/7        EV:  7    Int:  9    God:
Gold:   211        SH:  9    Dex:  9    Spells: 6/6 levels left

rFire    . . .     SeeInvis .   a - +0 flail
rCold    . . .     Gourm    .   c - +0 kite shield
rNeg     + . .     Faith    .   b - +0 scale mail
rPois    ∞         Spirit   .   o - +2 hat
rElec    +         Reflect  .   n - +0 cloak
rCorr    .         Harm     .   (no gloves)
MR       .....                  g - +0 pair of boots
Stlth    ..........             (no amulet)
HPRegen  0.13/turn              (no ring)
MPRegen  0.10/turn              (no ring)

@: mighty
A: negative energy resistance 1, electricity resistance, unbreathing,
petrification resistance, rot immunity, AC +4
a: no special abilities


You were on level 3 of the Dungeon.
You were hungry.

You visited 1 branch of the dungeon, and saw 3 of its levels.

You collected 211 gold pieces.

Inventory:

Hand Weapons
 a - a +0 flail (weapon)
Missiles
 r - 8 poisoned darts (quivered)
Armour
 b - a +0 scale mail (worn)
 c - a +0 kite shield (worn)
 g - a +0 pair of boots (worn)
 n - a +0 cloak (worn)
 o - a +2 hat (worn)
Scrolls
 h - 2 scrolls of remove curse
 i - a scroll of noise {unknown}
 j - a scroll of identify {unknown}
 s - a scroll of random uselessness {unknown}
Potions
 d - a potion of might
 e - 2 potions of curing {unknown}
 k - a potion of lignification {unknown}
 l - a potion of brilliance {unknown}
 m - 2 potions of heal wounds {unknown}
 p - a potion of ambrosia {unknown}
 q - 3 potions of degeneration {unknown}
Comestibles
 f - 6 rations


   Skills:
 - Level 3.2 Fighting
 + Level 7.8 Maces & Flails
 - Level 3.2 Armour
 - Level 3.2 Shields


You had 6 spell levels left.
You didn't know any spells.
Your spell library was empty.

Dungeon Overview and Level Annotations

Branches:
Dungeon (3/15)

Altars:
Dithmenos

Annotations:
D:3 1 transporter, peterlawrence's ghost, amateur MiFi


Innate Abilities, Weirdness & Mutations

You are resistant to torment.
Your stone body is resilient. (AC +4)
You are immune to poison.
You resist negative energy. (rN+)
You are resistant to electric shocks. (rElec)
You can survive without breathing.
You are immune to petrification.
You are immune to rotting.


Message History

* * * LOW HITPOINT WARNING * * *
The gnoll hits the plant. x2; The gnoll closely misses you.
Things that are here:
a +0 halberd of electrocution; 2 throwing nets You barely miss the gnoll.
The gnoll hits the plant with a +0 whip.
The gnoll hits the plant.
The gnoll hits you but does no damage.
You barely miss the gnoll. You block the gnoll's attack.
The gnoll hits the plant.
The gnoll hits the plant but does no damage.
The gnoll barely misses you.
You are feeling hungry.
The gnoll hits the plant but does no damage.
The gnoll hits something but does no damage.
The gnoll barely misses you. You block the gnoll's attack.
There is an open translucent door here.
The gnoll zaps a wand.
You are blasted!
Ouch! That really hurt!
You die...

#.#.# ##.≈≈≈≈≈≈≈≈≈≈≈≈≈≈≈≈≈..# #
#.#.# #..≈≈≈≈≈≈≈≈≈≈≈≈≈≈≈≈≈..###
#.#.# #..≈≈####.....####≈≈.(##.
#=#.# #..≈≈#..#8###8#..#≈≈..##.
#.#.####..≈≈##.###.###.##≈≈(....
#.#.......≈≈#...........#≈≈..##>
#.###.###.≈≈###.##'##.###≈≈..##.
#.# #.# #.≈≈..#.#P.P#.#..≈≈.###.
#.# #.# #.≈≈.##@'gg.'.##.≈≈.###.
#.# #.# #.≈≈.#..#P)P#..#.≈≈.#.#.
#.###.###(≈≈.##.##g##.##.≈≈.....
#.##.#.##.....#.#P.P#.#..≈≈)....
#.#.###.#....©#.'gg.'.#©.≈≈.#...
#..## ##......#.#8⌠8#.#..≈≈)....
#.## ##.≈≈.##.#####.##.≈≈.....
##.## ##..≈≈.#..# #.©#.≈≈.....
####)###...≈≈.##.# #.##.≈≈.....


You could see 3 gnolls.

Vanquished Creatures
  Sigmund (D:2)
  A hungry ghost (D:3)
  A gnoll shaman (D:3)
  Crazy Yiuf (D:2)
  A bullfrog skeleton (D:3)
  5 gnolls (D:3)
  4 adders
  An ooze (D:1)
  5 worms
  4 dart slugs
  A leopard gecko (D:1)
  2 orcs (D:3)
  5 bats
  3 giant cockroaches
  10 goblins
  10 hobgoblins
  A jackal (D:2)
  6 kobolds
  2 quokkas
  4 frilled lizards
  7 rats
75 creatures vanquished.

Notes
Turn   | Place    | Note
-------+----------+-------------------------------------------
     0 | D:1      | Delamore the Gargoyle Fighter began the quest for the Orb.
     0 | D:1      | Reached XP level 1. HP: 14/14 MP: 1/1
    41 | D:1      | Reached XP level 2. HP: 18/19 MP: 2/2
    88 | D:1      | Reached skill level 3 in Maces & Flails
   457 | D:1      | Reached XP level 3. HP: 23/23 MP: 3/3
  1120 | D:2      | Found a shadowy altar of Dithmenos.
  1145 | D:2      | Noticed Sigmund
  1179 | D:3      | Reached skill level 4 in Maces & Flails
  1179 | D:3      | Reached XP level 4. HP: 4/28 MP: 4/4
  1450 | D:3      | Noticed a hungry ghost
  1467 | D:3      | Killed a hungry ghost
  1467 | D:3      | Reached skill level 5 in Maces & Flails
  1467 | D:3      | Reached XP level 5. HP: 32/32 MP: 5/5
  1557 | D:3      | Reached skill level 6 in Maces & Flails
  1638 | D:3      | Reached XP level 6. HP: 37/37 MP: 6/6
  1962 | D:2      | Killed Sigmund
  1962 | D:2      | Reached skill level 7 in Maces & Flails
  2220 | D:2      | Reached XP level 7. HP: 41/41 MP: 7/7
  2405 | D:2      | Found a runed translucent door.
  2406 | D:2      | Noticed Crazy Yiuf
  2618 | D:2      | Killed Crazy Yiuf
  2838 | D:3      | Found a transporter.
  2956 | D:3      | Found a transporter.
  2986 | D:3      | Noticed peterlawrence's ghost (amateur MiFi)
  3102 | D:3      | Blown up by a gnoll

Illustrated notes

Levels and vault maps discovered:
D:1:      eino_arrival_cavern_d, layout_basic
D:2:      minmay_chambers_of_ones, layout_basic, first_ration,
          grunt_dithmenos_smoke, uniq_sigmund, uniq_crazy_yiuf_cottage
D:3:      layout_loops_ring, gammafunk_ghost_gnarly_gnolls

Skill      XL: |  1  2  3  4  5  6 |
---------------+-------------------+-----
Maces & Flails | 3 4 5 6 7 |  7.8
Fighting       | |  3.2
Armour         | |  3.2
Shields        | |  3.2

Action                   |  1- 3 |  4- 6 |  7- 9 || total
-------------------------+-------+-------+-------++-------
Melee: Flail             |    99 |   132 |    47 ||   278
  Use: Scroll            |       |       |     1 ||     1
       Potion            |       |       |     1 ||     1
  Eat: Chunk             |     1 |     6 |     2 ||     9
       Ration            |       |     1 |       ||     1
Armor: Scale mail        |    55 |    71 |    20 ||   146
Dodge: Dodged            |    33 |    34 |    14 ||    81
Block: Kite shield       |    47 |    50 |    25 ||   122
